 Dungeon Crawl Stone Soup version 0.14.0-20-g75a2fc2 (webtiles) character file.

22260 Quh the Infuser (level 12, -5/69 HPs)
             Began as a Deep Elf Conjurer on Apr 21, 2014.
             Was a High Priest of Vehumet.
             Slain by an elephant (18 damage)
             ... on Level 3 of the Lair of Beasts.
             The game lasted 01:40:35 (14140 turns).

Quh the Infuser (Deep Elf Conjurer)                Turns: 14140, Time: 01:40:36

HP  -5/69        AC 12     Str 13      XL: 12   Next: 56%
MP   0/35        EV 15     Int 30      God: Vehumet [*****.]
Gold 586         SH  0     Dex 19      Spells:  8 memorised, 17 levels left

rFire  . . .     SeeInvis +     G - +11,+6 dagger of Greed {freeze, Str+4 Int+3}
rCold  . . .     Clarity  .     s - +2 robe {MR+}
rNeg   . . .     Conserve .     (no shield)
rPois  .         rCorr    .     F - +1 hat
rElec  .         rRot     .     N - +1 cloak
SustAb . .       Spirit   .     y - +1 pair of gloves "Ishia" {Str+2 Dex+4}
rMut   .         Warding  .     q - +2 pair of boots
Saprov . . .     Stasis   .     v - amulet of faith
MR     ++...                    x - ring of see invisible {unknown}
                                r - +3 ring of intelligence

@: very resistant to hostile enchantments, stealthy
A: no striking features
a: Renounce Religion


You were on level 3 of the Lair of Beasts.
You worshipped Vehumet.
Vehumet was extremely pleased with you.
You were not hungry.

You visited 3 branches of the dungeon, and saw 14 of its levels.

You collected 642 gold pieces.
You spent 56 gold pieces at shops.

Inventory:

Hand weapons
 G - the +11,+6 dagger of Greed (weapon) {freeze, Str+4 Int+3}
   (You took it off an orc priest on level 9 of the Dungeon)

   It has been specially enchanted to freeze those struck by it, causing extra
   injury to most foes and up to double damage against particularly susceptible
   opponents.
   It can also slow down cold-blooded creatures.
   It affects your strength (+4).
   It affects your intelligence (+3).
Armour
 q - a +2 pair of boots (worn)
 s - a +2 robe of magic resistance (worn)
 y - the +1 pair of gloves "Ishia" (worn) {Str+2 Dex+4}
   (You found it on level 4 of the Dungeon)

   It affects your strength (+2).
   It affects your dexterity (+4).
 F - a +1 hat (worn)
 N - a +1 cloak (worn)
Magical devices
 a - a wand of paralysis (9)
 l - a wand of slowing (12) {unknown}
 t - a wand of polymorph (4)
 L - a wand of random effects (13) {unknown}
 V - a wand of flame (0)
Comestibles
 b - 2 bread rations
 d - 4 honeycombs
 j - 3 meat rations
 o - 3 pears
 Q - a rotting chunk of hound flesh
 R - 3 royal jellies
Scrolls
 e - 2 scrolls of magic mapping {unknown}
 f - 2 scrolls of enchant weapon I
 g - a scroll of enchant armour
 h - 2 scrolls of fog
 i - 5 scrolls of teleportation
 n - 2 scrolls of random uselessness {unknown}
 u - 5 scrolls of remove curse
 A - a scroll of amnesia {unknown}
 B - a scroll of brand weapon {unknown}
 C - 4 scrolls of fear
 H - 2 scrolls of identify
 I - a scroll of immolation {unknown}
 J - a scroll of acquirement {unknown}
 U - 2 scrolls of vulnerability {unknown}
 X - a scroll of silence {unknown}
Jewellery
 k - an uncursed ring of sustain abilities
 r - a +3 ring of intelligence (left hand)
 v - an amulet of faith (around neck)
 w - a +4 ring of strength
 x - a ring of see invisible (right hand) {unknown}
 O - an uncursed ring of protection from cold
 S - a +3 ring of evasion
 T - a +2,+3 ring of slaying {unknown}
Potions
 m - 2 potions of invisibility
 p - a potion of heal wounds
 z - a potion of poison {unknown}
 D - 2 potions of haste {unknown}
 E - 3 potions of restore abilities {unknown}
 K - 3 potions of curing
 P - a potion of might {unknown}
Books
 c - a book of Conjurations

   Spells                             Type                      Level
   *Magic Dart                        Conjuration                  1
   *Searing Ray                       Conjuration                  2
   Dazzling Spray                     Conjuration/Hexes            3
   Fulminant Prism                    Conjuration/Hexes            4
   *Iskenderun's Mystic Blast         Conjuration                  4
   *Iskenderun's Battlesphere         Conjuration/Charms           5
 M - a book of Alchemy

   Spells                             Type                      Level
   Lethal Infusion                    Charms/Necromancy            2
   *Sublimation of Blood              Necromancy                   2
   Condensation Shield                Ice                          4
   Petrify                            Transmutation/Earth          4
   Ignite Poison                      Fire/Transmutation           5
 Y - a book of Death

   Spells                             Type                      Level
   Corpse Rot                         Necromancy                   2
   *Sublimation of Blood              Necromancy                   2
   Agony                              Necromancy                   5
   Dispel Undead                      Necromancy                   5
   Excruciating Wounds                Charms/Necromancy            5
   Bolt of Draining                   Conjuration/Necromancy       5
Miscellaneous
 W - a stone of tremors


   Skills:
 + Level 5.8 Fighting
 - Level 0.2 Short Blades
 - Level 4.0 Dodging
 - Level 2.4 Stealth
 + Level 12.6 Spellcasting
 + Level 12.6 Conjurations
 - Level 13.4 Charms
 + Level 1.3 Necromancy
   Level 4.1 Translocations
 * Level 2.0 Fire Magic
 + Level 8.1 Evocations


You had 17 spell levels left.
You knew the following spells:

 Your Spells              Type           Power        Failure   Level  Hunger
a - Magic Dart            Conj           ####         0%          1    None
b - Searing Ray           Conj           ######       1%          2    None
c - Iskenderun's Battles  Conj/Chrm      #######.     1%          5    None
d - Shock                 Conj/Air       ####         1%          1    None
e - Flame Tongue          Conj/Fire      #####        1%          1    None
f - Iskenderun's Mystic   Conj           #######.     1%          4    None
g - Conjure Flame         Conj/Fire      ######..     1%          3    None
h - Sublimation of Blood  Necr           ####......   1%          2    None


Dungeon Overview and Level Annotations

Branches:
Dungeon (10/15)            Temple (1/1) D:6             Orc (0/4) D:9
   Lair (3/8) D:10
  Swamp: Lair:3-6    Shoals: Lair:3-6     Snake: Lair:3-6    Spider: Lair:3-6

Altars:
Ashenzari
Cheibriados
Dithmenos
Elyvilon
Fedhas
Kikubaaqudgha
Makhleb
Nemelex Xobeh
Okawaru
Sif Muna
Trog
Vehumet
Xom
Yredelemnul
Zin
The Shining One

Shops:
D:5 }:*[%   D:9 =


Message History

The elephant is almost dead.
This wand has 1 charge left.
The elephant tramples you!
You stumble backwards!
Evoke which item? (* to show all) (? for menu, Esc to quit)
Zapping:
V - a wand of flame (1)
Press: ? - help, Shift-Dir - straight line, f/p - elephant
Aim: an elephant (almost dead)
The puff of flame hits the elephant.
The elephant is almost dead.
This wand has 0 charges left.
The elephant tramples you!
* * * LOW HITPOINT WARNING * * *
You stumble backwards!
Casting: Magic Dart
Confirm with . or Enter, or press ? or * to list all spells.
Aiming: Magic Dart
Press: ? - help, Shift-Dir - straight line, f/p - elephant
Aim: an elephant (almost dead)
The magic dart hits the elephant.
The elephant is almost dead.
The elephant tramples you!
You die...

# ##.######.####...............
#...#..##>.f#..#..>P#........ #
##..................%.%..####. #
##.....#.......#..##.###.## #
###.....#........#.###.# ###
....%...##.......#.###.####P###.
.###...................%........
..##.....#........##P...........
.........#P....Y@####..<.......
###P#....##......# #...........
###.#####.#.#.## ##..........
### ####### #####.##.# ## #


You could see an elephant.

Vanquished Creatures
  Gastronok (Lair:2)
  Urug (D:10)
  A hill giant (D:7)
  The ghost of inmateoo the Spear-Bearer, an experienced MfSk of Dithmenos (D:7)
  3 elephants (Lair:3)
  2 spiny frogs (Lair:2)
  Grinder (D:4)
  3 komodo dragons
  A queen bee (D:8)
  3 blink frogs (Lair:2)
  A basilisk (Lair:3)
  3 spriggans (Lair:1)
  5 yaks (Lair:1)
  An elephant slug (Lair:2)
  A human (D:9)
  The ghost of bernadottes the Chopper, an average FoAK of Lugonu (D:4)
  2 hippogriffs
  A steam dragon (D:7)
  2 wargs (D:9)
  5 orc warriors
  7 water moccasins
  6 ogres
  10 ice beasts
  3 porcupines
  A sky beast (D:8)
  3 black bears
  A phantom (D:9)
  3 centaurs
  A crocodile (Lair:1)
  3 giant slugs
  6 giant frogs
  2 wyvern skeletons (D:6)
  4 scorpions
  21 killer bees
  3 crimson imps
  11 hounds
  5 jellies
  8 orc priests
  A gnoll shaman (D:8)
  8 orc wizards
  2 worker ants
  3 iguanas
  An ogre zombie (D:7)
  Jessica (D:3)
  A killer bee zombie (D:5)
  15 adders
  6 gnolls (D:8)
  2 orc skeletons
  7 worms
  3 giant mites
  3 shadow imps
  A giant eyeball (D:9)
  2 oozes (D:3)
  43 orcs
  18 hobgoblins
  11 jackals
  14 kobolds
  6 quokkas
  A ball python (D:2)
  20 bats
  5 giant cockroaches
  12 giant geckos
  7 giant newts
  2 giant spores
  17 goblins
  A goblin skeleton (D:5)
  A hobgoblin skeleton (D:5)
  2 kobold zombies
  2 orc zombies (D:9)
  A quokka zombie (D:6)
  20 rats
  A ballistomycete (D:9)
  2 plants
379 creatures vanquished.

Vanquished Creatures (others)
  2 killer bees (D:9)
  A plant (D:10)
3 creatures vanquished.

Grand Total: 382 creatures vanquished

Notes
Turn   | Place    | Note
--------------------------------------------------------------
     0 | D:1      | Quh, the Deep Elf Conjurer, began the quest for the Orb.
     0 | D:1      | Reached XP level 1. HP: 10/10 MP: 5/5
   372 | D:1      | Reached XP level 2. HP: 13/15 MP: 4/8
   385 | D:1      | Learned a level 2 spell: Searing Ray
   432 | D:1      | Reached skill level 5 in Conjurations
  1203 | D:2      | Reached XP level 3. HP: 19/19 MP: 2/10
  1673 | D:2      | Found a shimmering altar of Xom.
  2013 | D:3      | Found a basalt altar of Yredelemnul.
  2016 | D:3      | Reached skill level 6 in Conjurations
  2020 | D:3      | Found a snail-covered altar of Cheibriados.
  2302 | D:3      | Reached XP level 4. HP: 13/24 MP: 3/13
  2674 | D:3      | Noticed Jessica
  2680 | D:3      | Killed Jessica
  2948 | D:3      | Reached XP level 5. HP: 28/28 MP: 7/16
  2965 | D:3      | Learned a level 5 spell: Iskenderun's Battlesphere
  2980 | D:3      | Reached skill level 7 in Conjurations
  3363 | D:4      | Noticed bernadottes' ghost (average FoAK)
  3746 | D:4      | Reached skill level 1 in Charms
  3942 | D:4      | Got a pair of dazzling gloves
  3945 | D:4      | Identified the cursed +1 pair of gloves "Ishia" {Str+2 Dex+4} (You found it on level 4 of the Dungeon)
  3970 | D:4      | Noticed Grinder
  4029 | D:4      | Killed Grinder
  4029 | D:4      | Reached skill level 8 in Conjurations
  4029 | D:4      | Reached XP level 6. HP: 6/32 MP: 0/18
  4576 | D:4      | Killed bernadottes' ghost
  4576 | D:4      | Reached skill level 9 in Conjurations
  4576 | D:4      | Reached XP level 7. HP: 14/36 MP: 0/20
  5006 | D:5      | Entered Level 5 of the Dungeon
  5179 | D:5      | Found Klaptes' Book Boutique.
  5295 | D:5      | Found Sus Topenitt's Antique Armour Boutique.
  5337 | D:5      | Found Ilulyomp's Food Shop.
  5386 | D:5      | Found Pyunt's Assorted Antiques.
  5388 | D:5      | Found a white marble altar of Elyvilon.
  5409 | D:5      | Bought a scroll of identify for 56 gold pieces
  5426 | D:5      | Reached skill level 10 in Conjurations
  5566 | D:5      | Reached skill level 1 in Evocations
  5699 | D:5      | Found Cuatun's Gadget Boutique.
  5913 | D:5      | Reached XP level 8. HP: 41/41 MP: 13/22
  6340 | D:6      | Reached skill level 5 in Charms
  6933 | D:6      | Found a staircase to the Ecumenical Temple.
  6943 | Temple   | Entered the Ecumenical Temple
  7011 | Temple   | Became a worshipper of Vehumet
  7198 | D:6      | Reached skill level 11 in Conjurations
  7358 | D:7      | Noticed inmateoo's ghost (experienced MfSk)
  7366 | D:7      | Killed inmateoo's ghost
  7366 | D:7      | Reached skill level 1 in Fighting
  7366 | D:7      | Reached skill level 5 in Spellcasting
  7366 | D:7      | Reached XP level 9. HP: 45/47 MP: 10/25
  7900 | D:7      | Acquired Vehumet's first power
  7900 | D:7      | Offered knowledge of Shock by Vehumet.
  7913 | D:7      | Learned a level 1 spell: Shock
  8323 | D:7      | Noticed a hill giant
  8331 | D:7      | Killed a hill giant
  8331 | D:7      | Reached XP level 10. HP: 20/54 MP: 11/29
  8904 | D:8      | Reached skill level 5 in Evocations
  8975 | D:8      | Offered knowledge of Flame Tongue by Vehumet.
  9265 | D:8      | Reached skill level 10 in Charms
  9444 | D:8      | Found an iron altar of Okawaru.
  9570 | D:8      | Learned a level 1 spell: Flame Tongue
  9781 | D:9      | Found Mibrumm's Jewellery Shop.
  9856 | D:9      | Offered knowledge of Static Discharge by Vehumet.
 10134 | D:9      | Paralysed by a giant eyeball for 4 turns
 10142 | D:9      | Found a staircase to the Orcish Mines.
 10385 | D:9      | Acquired Vehumet's second power
 10477 | D:9      | Reached skill level 10 in Spellcasting
 10477 | D:9      | Reached skill level 12 in Conjurations
 10477 | D:9      | Reached XP level 11. HP: 59/62 MP: 31/32
 10655 | D:9      | Learned a level 4 spell: Iskenderun's Mystic Blast
 10724 | D:9      | Offered knowledge of Conjure Flame by Vehumet.
 10853 | D:9      | Learned a level 3 spell: Conjure Flame
 11036 | D:9      | Got a smoking dagger
 11037 | D:9      | Identified the +11,+6 dagger of Greed {freeze, Str+4 Int+3} (You took it off an orc priest on level 9 of the Dungeon)
 11153 | D:10     | Entered Level 10 of the Dungeon
 11153 | D:10     | Noticed Urug
 11164 | D:10     | Killed Urug
 11328 | D:10     | Reached skill level 5 in Fighting
 11334 | D:10     | Found a staircase to the Lair.
 11357 | Lair:1   | Entered Level 1 of the Lair of Beasts
 11538 | Lair:1   | Acquired Vehumet's third power
 11540 | Lair:1   | Reached XP level 12. HP: 59/68 MP: 10/34
 11912 | Lair:1   | Learned a level 2 spell: Sublimation of Blood
 12287 | Lair:1   | Offered knowledge of Sticky Flame by Vehumet.
 12351 | Lair:2   | Noticed Gastronok
 12366 | Lair:2   | Killed Gastronok
 12748 | Lair:2   | Found a frozen archway.
 12755 | Lair:2   | Reached skill level 13 in Charms
 13896 | Lair:3   | Offered knowledge of Bolt of Cold by Vehumet.
 14101 | Lair:3   | Reached skill level 1 in Necromancy
 14101 | Lair:3   | Reached skill level 1 in Fire Magic
 14140 | Lair:3   | Slain by an elephant

Action                   |  1- 3 |  4- 6 |  7- 9 | 10-12 || total
-------------------------+-------+-------+-------+-------++-------
Melee: Unarmed           |   278 |       |       |       ||   278
       Dagger            |       |    12 |     1 |    35 ||    48
 Cast: Magic Dart        |   103 |   108 |   186 |   343 ||   740
       Searing Ray       |    12 |    38 |    46 |    65 ||   161
       Iskenderun's Batt |       |     1 |    24 |    92 ||   117
       Shock             |       |       |       |    10 ||    10
       Iskenderun's Myst |       |       |       |     5 ||     5
       Conjure Flame     |       |       |       |     2 ||     2
Evoke: Wand              |       |       |       |    12 ||    12
  Use: Scroll            |     2 |     2 |     7 |    15 ||    26
       Potion            |       |       |       |     4 ||     4
